[Event "Titled Tuesday Blitz June 14 Late 2022"]
[White "Kovacevic, Radmila"]
[Black "Novikova, Galina"]
[WhiteFideId "933171"]
[BlackFideId "4157095"]
[WhiteElo "2115"]
[BlackElo "1863"]
[Result "0-1"]
[Round "06"]
[TimeControl "180+1"]
[Date "2022.06.15"]
[WhiteClock "0:00:15"]
[BlackClock "0:00:14"]

1. e3 e6 2. b3 f5 3. Bb2 Nf6 4. f4 Be7 5. Nf3 O-O 6. Be2 d6 7. O-O Nc6 8. Nd4 Nxd4 9. exd4 b6 10. Bf3 Rb8 11. Qe2 Kh8 12. Re1 Qe8 13. Na3 Qg6 14. Nb5 Qh6 15. Nxa7 Qxf4 16. Nxc8 Rbxc8 17. Qxe6 Rce8 18. Bc6 Ng4 19. h3 Bh4 20. Qxe8 Bf2+ 21. Kf1 Be3+ 22. Bf3 Rxe8 23. hxg4 fxg4 24. dxe3 Qf7 25. Kf2 gxf3 26. gxf3 Rf8 27. f4 d5 28. Rg1 Re8 29. Rae1 Qf5 30. Re2 h6 31. Bc1 Re6 32. Rg3 Rg6 33. Rxg6 Qxg6 34. c4 c6 35. Bd2 h5 36. cxd5 cxd5 37. e4 dxe4 38. d5 h4 39. Ke3 h3 40. Be1 Qg1+ 41. Bf2 Qc1+ 42. Kxe4 h2 43. Be3 h1=Q+ 44. Ke5 Qc3+ 45. Ke6 Qf6+ 46. Kd7 Qxd5+ 47. Kc8 Qdc6+ 48. Kb8 Qf8+ 49. Ka7 Qe7+ 50. Ka6 Qeb7# 0-1


[Site "https://www.chess.com"]

[Event "Titled Tuesday Blitz June 14 Late 2022"]
[White "Lashkin, Jegor"]
[Black "Bilych, Olexiy"]
[WhiteFideId "13907808"]
[BlackFideId "14156504"]
[WhiteElo "2368"]
[BlackElo "2189"]
[Result "1-0"]
[Round "06"]
[TimeControl "180+1"]
[Date "2022.06.14"]
[WhiteClock "0:01:25"]
[BlackClock "0:00:17"]

1. d4 Nf6 2. c4 e6 3. Nf3 d5 4. Nc3 Bb4 5. e3 O-O 6. Bd2 b6 7. cxd5 exd5 8. Bd3 Bb7 9. Rc1 a6 10. O-O Bd6 11. Ne5 c5 12. f4 Nc6 13. Ng4 Be7 14. Nxf6+ Bxf6 15. dxc5 bxc5 16. Bb1 Re8 17. Qh5 g6 18. Qxd5 Qe7 19. Qc4 Nb4 20. a3 Rad8 21. Rcd1 Rxd2 22. Rxd2 Qxe3+ 23. Rdf2 Bd4 24. axb4 cxb4 25. Nd1 Qd2 26. Qd3 Bxf2+ 27. Nxf2 Qxb2 28. Qd7 Rb8 29. Qc7 Rc8 30. Qxb7 Rc1 31. Qb8+ Kg7 32. Qe5+ Qxe5 33. fxe5 Rc3 34. Ne4 Re3 35. Kf2 Ra3 36. Nd6 a5 37. Ke2 Ra1 38. Rxf7+ Kh6 39. Bd3 b3 40. Rb7 a4 41. e6 Ra2+ 42. Ke3 1-0


[Site "https://www.chess.com"]

[Event "Titled Tuesday Blitz June 14 Late 2022"]
[White "Leiva, Gianmarco"]
[Black "Rios Escobar, Adan"]
[WhiteFideId "3804399"]
[BlackFideId "3403645"]
[WhiteElo "2323"]
[BlackElo "2434"]
[Result "1-0"]
[Round "06"]
[TimeControl "180+1"]
[Date "2022.06.15"]
[WhiteClock "0:00:11"]
[BlackClock "0:00:01"]

1. e4 c5 2. Nf3 d6 3. Bb5+ Nd7 4. O-O a6 5. Be2 Ngf6 6. Nc3 g6 7. a4 Bg7 8. d4 b6 9. e5 Ng8 10. exd6 exd6 11. Re1 Ne7 12. Bc4 O-O 13. Bg5 Re8 14. dxc5 Nxc5 15. Nd5 Be6 16. Nxe7+ Rxe7 17. Bxe6 Nxe6 18. Bxe7 Qxe7 19. Nd4 Be5 20. Nc6 Qg5 21. Nxe5 dxe5 22. Qd5 Rc8 23. Rxe5 Qf6 24. c3 Nf4 25. Qe4 Kg7 26. Rd1 Rc5 27. Rxc5 bxc5 28. Qf3 Qe5 29. g3 Nh3+ 30. Kg2 Ng5 31. Qd5 Qe7 32. h4 Ne6 33. Qe5+ Kg8 34. Rd6 Qb7+ 35. Qd5 Qxb2 36. Rxe6 fxe6 37. Qxe6+ Kg7 38. Qe5+ Kg8 39. Qxc5 Qb7+ 40. Kh2 Qf3 41. Qe3 Qg4 42. Qd4 Qf3 43. Kg1 a5 44. Qd8+ Kg7 45. Qxa5 Qd1+ 46. Kg2 Qd5+ 47. Qxd5 Kh6 48. Qf7 g5 49. Qf6+ 1-0


[Site "https://www.chess.com"]

[Event "Titled Tuesday Blitz June 14 Late 2022"]
[White "Mammadova, Gulnar"]
[Black "Sarana, Alexey"]
[WhiteFideId "13403508"]
[BlackFideId "24133795"]
[WhiteElo "2255"]
[BlackElo "2666"]
[Result "0-1"]
[Round "06"]
[TimeControl "180+1"]
[Date "2022.06.14"]
[WhiteClock "0:00:20"]
[BlackClock "0:00:03"]

1. e4 c5 2. Nf3 d6 3. Bb5+ Bd7 4. c4 Nf6 5. Nc3 g6 6. d4 cxd4 7. Nxd4 Bg7 8. O-O O-O 9. h3 Nc6 10. Bxc6 bxc6 11. c5 d5 12. e5 Ne8 13. f4 Nc7 14. Qe2 Qc8 15. Bd2 f6 16. Rae1 a5 17. e6 f5 18. Nxf5 Rxf5 19. exd7 Qxd7 20. Qxe7 Rf7 21. Qxd7 Rxd7 22. f5 a4 23. f6 Bf8 24. a3 Bxc5+ 25. Kh2 Bd4 26. Bf4 Bxf6 27. Bxc7 Bxc3 28. bxc3 Rxc7 29. Rf4 Ra5 30. c4 Rf7 31. Rd4 Rd7 32. Re8+ Kf7 33. Rc8 Ra6 34. cxd5 cxd5 35. Rb8 Ke6 36. Re8+ Kd6 37. Rb8 Ke5 38. Rbb4 Rf7 39. Kg3 Rf1 40. Rd3 Ra1 41. Rb5 Ke4 42. Rf3 Rc1 43. Rb4+ Rc4 44. Rf4+ Kd3 45. Rf3+ Kd4 46. Rb7 h5 47. Rd7 Re6 48. Rf4+ Ke5 49. Rf1 Rc3+ 50. Kh2 Rxa3 51. Rd1 Ra6 52. R7xd5+ Ke6 53. Rd8 Rb3 54. Re1+ Kf6 55. Rd2 a3 56. Rf1+ Kg5 57. Ra2 h4 58. Rff2 Rc3 59. Rfd2 Kf5 60. Rf2+ Ke5 61. Rfd2 Ke4 62. Kg1 Rd3 63. Rdc2 g5 64. Kf2 Kd4 65. Ke2 Rg3 66. Kf2 Rc3 67. Rd2+ Kc4 68. Re2 Kb3 69. Kg1 Rc1+ 70. Kh2 Rb1 71. Rf2 Ra4 72. Rfe2 Rb2 73. Rxa3+ Rxa3 74. Re5 Ra1 75. Rxg5 Rbb1 76. g3 Rb2# 0-1


[Site "https://www.chess.com"]

[Event "Titled Tuesday Blitz June 14 Late 2022"]
[White "Martin Carmona, Gaston Manuel"]
[Black "Rustemov, Alexander"]
[WhiteFideId "22284567"]
[BlackFideId "4119002"]
[WhiteElo "2162"]
[BlackElo "2773"]
[Result "0-1"]
[Round "06"]
[TimeControl "180+1"]
[Date "2022.06.14"]
[WhiteClock "0:00:25"]
[BlackClock "0:01:16"]

1. c4 c5 2. Nc3 g6 3. g3 Bg7 4. Bg2 Nc6 5. Nf3 b6 6. b3 Bxc3 7. dxc3 Bb7 8. h4 Nf6 9. Bh6 Ng4 10. Qd2 Qc7 11. Bf4 d6 12. Bh3 Nce5 13. Bg2 h6 14. O-O O-O-O 15. a4 g5 16. hxg5 hxg5 17. Bxg5 f6 18. Bh4 Rdg8 19. a5 Nxf3+ 20. exf3 Ne5 21. Qf4 Ng6 22. Qf5+ Kb8 23. axb6 axb6 24. Rfe1 Nxh4 25. gxh4 Rxh4 26. Qe6 Rg7 27. Rad1 Bxf3 0-1


[Site "https://www.chess.com"]

[Event "Titled Tuesday Blitz June 14 Late 2022"]
[White "Martinez Reyes, Pedro Ramon"]
[Black "Lewtak, Damian"]
[WhiteFideId "3901807"]
[BlackFideId "1141724"]
[WhiteElo "2410"]
[BlackElo "2379"]
[Result "1-0"]
[Round "06"]
[TimeControl "180+1"]
[Date "2022.06.15"]
[WhiteClock "0:01:15"]
[BlackClock "0:00:20"]

1. e4 b6 2. d4 Bb7 3. Bd3 g6 4. h4 h6 5. Nc3 e6 6. h5 g5 7. f4 Bg7 8. fxg5 hxg5 9. Be3 Nc6 10. Nge2 Nh6 11. Qd2 f6 12. e5 Ng4 13. Bg6+ Kf8 14. exf6 Bxf6 15. O-O Kg7 16. Ne4 Nxe3 17. Qxe3 Rf8 18. Rf2 Nb4 19. Raf1 Nxc2 20. Qd2 Bxd4 21. Nxd4 Rxf2 22. Rxf2 Nxd4 23. Qxd4+ Kh6 24. Rf7 Qh8 25. Qe3 Bxe4 26. Qxe4 Rf8 27. Rh7+ Qxh7 28. Bxh7 Rf6 29. Bg6 Rf4 30. Qe5 Rc4 31. Qh8# 1-0


[Site "https://www.chess.com"]

[Event "Titled Tuesday Blitz June 14 Late 2022"]
[White "Mickiewicz, Piotr"]
[Black "Lonoff, Marc"]
[WhiteFideId "1114891"]
[BlackFideId "2001349"]
[WhiteElo "2209"]
[BlackElo "2189"]
[Result "0-1"]
[Round "06"]
[TimeControl "180+1"]
[Date "2022.06.15"]
[WhiteClock "0:00:06"]
[BlackClock "0:00:26"]

1. e4 e6 2. d3 d5 3. Nd2 Nf6 4. g3 Nc6 5. Ngf3 dxe4 6. dxe4 e5 7. Bg2 Bc5 8. O-O O-O 9. Qe2 Bg4 10. Nb3 Bb6 11. h3 Bxf3 12. Bxf3 Nd4 13. Nxd4 Bxd4 14. c3 Bb6 15. a4 a5 16. Be3 Bxe3 17. Qxe3 Qe7 18. Rfd1 b6 19. Be2 Rfd8 20. Bc4 Rxd1+ 21. Rxd1 Rd8 22. Rd3 Rxd3 23. Qxd3 Qd7 24. Qxd7 Nxd7 25. b4 Kf8 26. Kf1 Ke7 27. Ke2 f6 28. h4 c5 29. bxa5 bxa5 30. Bb5 Nb6 31. Ke3 Kd6 32. f4 h6 33. Kf3 Ke6 34. Kg4 Kf7 35. Kh5 exf4 36. gxf4 Nc8 37. Bc4+ Kf8 38. e5 fxe5 39. fxe5 Ne7 40. e6 Nc6 41. Bb3 Ne5 42. Bd5 Ke7 43. Ba2 c4 44. Bxc4 Nxc4 45. Kg6 Kf8 46. e7+ Kxe7 47. Kxg7 h5 48. Kg6 Nb6 49. Kxh5 Kf6 50. Kg4 Nxa4 51. c4 Nc5 52. Kf4 a4 53. Ke3 Kg6 54. Kd4 Kh5 55. Kc3 Kxh4 56. Kb4 Kg4 57. Kxc5 a3 58. Kd6 a2 59. c5 a1=Q 60. c6 Qa8 61. c7 Qc8 62. Kc6 Kf5 63. Kb6 Ke6 64. Kc6 Ke7 65. Kb6 Kd7 66. Ka7 Qxc7+ 67. Ka8 Qc2 0-1


[Site "https://www.chess.com"]

[Event "Titled Tuesday Blitz June 14 Late 2022"]
[White "Mikhailov, Viacheslav"]
[Black "Zakhartsov, Vladimir"]
[WhiteFideId "4187369"]
[BlackFideId "4145097"]
[WhiteElo "2381"]
[BlackElo "2490"]
[Result "1-0"]
[Round "06"]
[TimeControl "180+1"]
[Date "2022.06.14"]
[WhiteClock "0:01:15"]
[BlackClock "0:00:13"]

1. Nf3 d5 2. g3 Nc6 3. d4 Bf5 4. Bg2 Qd7 5. Kf1 O-O-O 6. Nc3 f6 7. Be3 e5 8. h3 h5 9. Nh4 Bh7 10. Bxd5 exd4 11. Bxd4 Nxd4 12. Qxd4 c6 13. Qxa7 cxd5 14. Qa8+ Kc7 15. Qa5+ Kb8 16. Nb5 Bc5 17. b4 b6 18. Qa6 Qb7 19. Qxb7+ Kxb7 20. bxc5 bxc5 21. Kg2 Kc6 22. Rhb1 g5 23. Nf3 Bxc2 24. Nbd4+ cxd4 25. Nxd4+ Kd6 26. Nxc2 Ne7 27. Nd4 Ke5 28. e3 Rb8 29. a4 Nf5 30. Nc6+ 1-0


[Site "https://www.chess.com"]

[Event "Titled Tuesday Blitz June 14 Late 2022"]
[White "Murthy, Pappu"]
[Black "Zhou, Qiyu"]
[WhiteFideId "2013401"]
[BlackFideId "505161"]
[WhiteElo "2015"]
[BlackElo "1925"]
[Result "0-1"]
[Round "06"]
[TimeControl "180+1"]
[Date "2022.06.15"]
[WhiteClock "0:00:11"]
[BlackClock "0:00:08"]

1. c4 e5 2. Nc3 Nc6 3. Nf3 Nf6 4. g3 d5 5. cxd5 Nxd5 6. Bg2 Be6 7. O-O Nb6 8. b3 Be7 9. Bb2 O-O 10. Nb5 f6 11. d4 a6 12. Na3 e4 13. Nd2 f5 14. e3 Nb4 15. Ndc4 Nd3 16. Bc3 Nd5 17. Bd2 b5 18. Ne5 Bxa3 19. Nxd3 exd3 20. e4 fxe4 21. Bxe4 c6 22. Bxd3 Be7 23. Qc2 Qd7 24. Bxh7+ Kh8 25. Bg6 Bf5 26. Bxf5 Rxf5 27. Be3 Raf8 28. Rac1 Nxe3 29. fxe3 Rxf1+ 30. Rxf1 Rxf1+ 31. Kxf1 Qe6 32. e4 Qf6+ 33. Kg2 Qxd4 34. Qe2 Qe5 35. Qg4 Qb2+ 36. Kh3 Qf6 37. Kg2 c5 38. Qc8+ Kh7 39. Qh3+ Kg8 40. Qc8+ Kf7 41. Qb7 Qe6 42. h4 c4 43. bxc4 bxc4 44. Qb2 Qf6 45. Qe2 c3 46. Qh5+ Kg8 47. Qe8+ Bf8 48. Qc8 Qd4 49. Qe6+ Kh8 50. Qf7 Qf6 51. Qh5+ Qh6 52. Qd5 c2 53. Qc4 c1=Q 54. Qxc1 Qxc1 55. Kh3 Qb2 56. h5 Qxa2 57. Kh4 Qf7 58. g4 Be7+ 59. Kg3 Qb3+ 60. Kf4 Bf6 61. g5 Qb8+ 62. Kf5 Qe5+ 63. Kg6 Qxg5+ 64. Kf7 Qxh5+ 65. Ke6 a5 66. e5 Qxe5+ 67. Kf7 Qe7+ 68. Kg6 Bc3 69. Kf5 Qe5+ 70. Kg4 a4 71. Kf3 a3 72. Kg2 a2 73. Kf3 a1=Q 74. Kg2 Qa4 75. Kf3 Ba5 76. Kg2 Qc3 77. Kf2 Qa2+ 78. Kf1 Qca1# 0-1


[Site "https://www.chess.com"]

[Event "Titled Tuesday Blitz June 14 Late 2022"]
[White "Nakamura, Hikaru"]
[Black "Dardha, Daniel"]
[WhiteFideId "2016192"]
[BlackFideId "240990"]
[WhiteElo "2850"]
[BlackElo "2482"]
[Result "1/2-1/2"]
[Round "06"]
[TimeControl "180+1"]
[Date "2022.06.14"]
[WhiteClock "0:00:27"]
[BlackClock "0:00:14"]

1. d4 d5 2. Nf3 Nf6 3. Bf4 c5 4. e3 Nc6 5. Nbd2 Bg4 6. c3 e6 7. Qa4 Bxf3 8. Nxf3 Nd7 9. Bd3 Be7 10. O-O O-O 11. Rad1 a6 12. Rfe1 b5 13. Qc2 f5 14. Bf1 c4 15. Bg3 Nf6 16. Nd2 Ne4 17. Be2 Nxd2 18. Qxd2 Bd6 19. b3 Bxg3 20. hxg3 Qd6 21. Rb1 Rfb8 22. g4 g6 23. gxf5 exf5 24. Bf3 Ne7 25. a4 Kg7 26. g3 h5 27. Kg2 cxb3 28. Rxb3 bxa4 29. Rxb8 Rxb8 30. Ra1 a3 31. Qa2 a5 32. Qxa3 Qxa3 33. Rxa3 Rb5 34. Be2 Rb2 35. Bf1 Rc2 36. Bd3 Rc1 37. Bb5 Ng8 38. Be2 Nf6 39. Bf3 g5 40. Rxa5 Rxc3 41. Bxd5 f4 42. gxf4 gxf4 43. e4 Rd3 44. e5 Nxd5 45. Rxd5 Kf7 46. Rd6 Ke7 47. Rh6 Rxd4 48. Kf3 Ra4 49. Rf6 h4 50. Rh6 Ra2 51. Ke4 Rxf2 52. Kf5 Re2 53. Rh7+ Kd8 54. Rh8+ Ke7 55. Rh7+ Kd8 56. Kxf4 Ra2 57. Kf5 Ra6 58. Rh8+ Ke7 59. Rh7+ Ke8 60. e6 Ra1 61. Rxh4 Rf1+ 62. Ke5 Re1+ 63. Kf6 Rf1+ 64. Ke5 Re1+ 65. Kd5 Rd1+ 66. Kc5 Rc1+ 67. Kd4 Rd1+ 68. Kc3 Re1 69. Rh6 Ke7 70. Kd2 Rxe6 71. Rh7+ Kd6 72. Rh3 Re7 73. Rd3+ Ke6 74. Re3+ Kd7 75. Rxe7+ Kxe7 1/2-1/2


[Site "https://www.chess.com"]

[Event "Titled Tuesday Blitz June 14 Late 2022"]
[White "Nazaretyan, Tigran"]
[Black "Gaisinsky, Adam"]
[WhiteFideId "24162345"]
[BlackFideId "2620561"]
[WhiteElo "2179"]
[BlackElo "1965"]
[Result "0-1"]
[Round "06"]
[TimeControl "180+1"]
[Date "2022.06.15"]
[WhiteClock "0:00:26"]
[BlackClock "0:00:09"]

1. d4 Nf6 2. c4 e6 3. Nf3 d5 4. Nc3 c6 5. e3 Nbd7 6. Qc2 Bd6 7. Be2 O-O 8. O-O dxc4 9. a4 e5 10. Bxc4 Qe7 11. h3 Re8 12. a5 a6 13. b3 Nf8 14. dxe5 Bxe5 15. Ba3 Bd6 16. Bxd6 Qxd6 17. Rfd1 Qc7 18. b4 Be6 19. Bf1 Rad8 20. Ng5 Qe5 21. Nxe6 Nxe6 22. Na4 Nd5 23. Qc4 h6 24. Rac1 Ndc7 25. Nb6 Nb5 26. Nd7 Qc7 27. Nc5 Nxc5 28. Qxc5 Rxd1 29. Rxd1 Rd8 30. Rxd8+ Qxd8 31. Bxb5 cxb5 32. g3 g6 33. h4 h5 34. Kg2 Qd7 35. e4 Kg7 36. Qe5+ Kg8 37. Qf6 Qd3 38. Qf4 Qd7 39. Qb8+ Kg7 40. Qe5+ Kh7 41. Qd5 Qe7 42. Qd4 Qe6 43. Kf3 Kg8 44. Ke3 Qb3+ 45. Kf4 Qe6 46. Qd8+ Kg7 47. Qb6 Qxb6 48. axb6 Kf6 49. e5+ Ke6 50. Ke4 Ke7 51. f3 Kd7 52. g4 Kc6 53. gxh5 gxh5 54. Kf5 a5 55. bxa5 b4 56. Ke4 Kb5 57. f4 Kxa5 58. Kd3 Kxb6 59. Kc4 Kc6 60. f5 b3 61. Kxb3 Kd5 62. e6 fxe6 63. f6 Kd6 64. Kc4 Kd7 65. Kd4 Ke8 66. Ke5 Kf7 67. Kd6 Kxf6 68. Kc7 e5 69. Kxb7 e4 70. Kc6 e3 71. Kd5 e2 72. Ke4 e1=Q+ 0-1


[Site "https://www.chess.com"]

[Event "Titled Tuesday Blitz June 14 Late 2022"]
[White "Omariev, Maksim"]
[Black "Jiganchine, Roman"]
[WhiteFideId "4193423"]
[BlackFideId "2603667"]
[WhiteElo "2478"]
[BlackElo "2220"]
[Result "1/2-1/2"]
[Round "06"]
[TimeControl "180+1"]
[Date "2022.06.15"]
[WhiteClock "0:00:05"]
[BlackClock "0:00:16"]

1. e4 c6 2. d4 d5 3. exd5 cxd5 4. Bd3 Nc6 5. c3 Nf6 6. h3 g6 7. Nf3 Bf5 8. Bxf5 gxf5 9. Bf4 Rg8 10. g3 e6 11. Qb3 Qb6 12. Qxb6 axb6 13. Nbd2 O-O-O 14. O-O-O Bd6 15. Bxd6 Rxd6 16. Rde1 Rg7 17. Ne5 Rd8 18. f3 Nxe5 19. dxe5 Nh5 20. g4 Nf4 21. Kc2 h5 22. gxf5 exf5 23. h4 Rg2 24. Reg1 Rdg8 25. Rxg2 Rxg2 26. Rd1 Rh2 27. Rg1 Ne6 28. Rg8+ Kd7 29. Rb8 Nd8 30. Kd3 Rxh4 31. Nb3 Rf4 32. Ke3 Ra4 33. a3 h4 34. Nd4 h3 35. Kf2 Kc7 36. Rxd8 Kxd8 37. Kg3 f4+ 38. Kxh3 Kd7 39. Kg4 Ra8 40. Kxf4 Rh8 41. Ke3 Rh2 42. b4 Ra2 43. f4 Rxa3 44. Nb5 Ra1 45. Nd6 f6 46. Nxb7 fxe5 47. fxe5 Re1+ 48. Kd4 Rd1+ 49. Ke3 Re1+ 50. Kd4 Rd1+ 51. Ke3 Re1+ 1/2-1/2


[Site "https://www.chess.com"]

[Event "Titled Tuesday Blitz June 14 Late 2022"]
[White "Oparin, Grigoriy"]
[Black "Bortnyk, Olexandr"]
[WhiteFideId "24125890"]
[BlackFideId "14120828"]
[WhiteElo "2639"]
[BlackElo "2723"]
[Result "0-1"]
[Round "06"]
[TimeControl "180+1"]
[Date "2022.06.14"]
[WhiteClock "0:00:11"]
[BlackClock "0:00:02"]

1. d4 d6 2. c4 e5 3. Nf3 e4 4. Nfd2 f5 5. Nc3 g6 6. e3 Bh6 7. g3 Nf6 8. b3 O-O 9. Bb2 c6 10. h4 d5 11. Qc2 a5 12. Be2 Be6 13. c5 Nbd7 14. Na4 Ng4 15. Qc3 Qc7 16. Rg1 Rf7 17. Rg2 Bf8 18. O-O-O h5 19. Kb1 b5 20. cxb6 Nxb6 21. Nc5 Bc8 22. Rc1 a4 23. b4 a3 24. Ba1 Qb8 25. Ndb3 Kh7 26. Rc2 Rc7 27. Kc1 Na4 28. Qd2 Rca7 29. Bc3 Nxf2 30. Rxf2 Qxg3 31. Rf1 Bh6 32. Kb1 Bxe3 33. Qd1 Nb2 34. Bxb2 axb2 35. a4 Bc1 36. Bxh5 Rxa4 37. Nxa4 Ba6 38. Rc3 Bd3+ 39. Rxd3 Qxd3+ 40. Qxd3 exd3 41. Bd1 Rxa4 42. Nxc1 bxc1=Q+ 43. Kxc1 Rxb4 44. Rf4 c5 45. Kd2 c4 46. h5 Rb2+ 47. Kc3 Rb1 48. Kd2 Kh6 49. hxg6 Kxg6 50. Rf1 Kg5 51. Rg1+ Kf4 52. Rf1+ Kg5 53. Rg1+ Kf6 54. Rh1 Ra1 55. Rh6+ Kg5 56. Rd6 Ra5 57. Bf3 Kf4 58. Bxd5 Ra2+ 59. Kd1 Ke3 60. Re6+ Kxd4 61. Bxc4 Kxc4 62. Rf6 Kc3 63. Rc6+ Kd4 64. Rf6 Ke3 65. Re6+ Kf3 66. Rd6 Ra3 67. Kd2 f4 68. Rg6 Kf2 69. Rf6 f3 70. Rf8 Kg2 71. Rg8+ Kf1 72. Rf8 f2 73. Rf7 Ra2+ 74. Kxd3 Ra3+ 75. Kd2 Rg3 76. Rf6 Rg8 77. Ke3 Kg1 0-1


[Site "https://www.chess.com"]

[Event "Titled Tuesday Blitz June 14 Late 2022"]
[White "Paravyan, David"]
[Black "Tarigan, Gilbert Elroy"]
[WhiteFideId "4194985"]
[BlackFideId "7108133"]
[WhiteElo "2569"]
[BlackElo "1908"]
[Result "1-0"]
[Round "06"]
[TimeControl "180+1"]
[Date "2022.06.14"]
[WhiteClock "0:00:47"]
[BlackClock "0:00:02"]

1. e4 c5 2. Nf3 Nc6 3. d4 cxd4 4. Nxd4 Nf6 5. Nc3 e5 6. Ndb5 d6 7. Bg5 a6 8. Na3 b5 9. Nd5 Be7 10. Bxf6 Bxf6 11. c3 Rb8 12. Nc2 Bg5 13. a4 bxa4 14. Ncb4 Bd7 15. Bxa6 Nxb4 16. Nxb4 O-O 17. O-O Qb6 18. Bd3 Ra8 19. Bc2 a3 20. bxa3 Rfc8 21. Bb3 Be6 22. Bxe6 fxe6 23. Qg4 Bd2 24. Qxe6+ Kh8 25. Rad1 Bxc3 26. Rxd6 Qc5 27. Nd5 Bd4 28. Ne7 Re8 29. Rd7 Qc2 30. Qf7 Rg8 31. Nxg8 Rxg8 32. Re7 Qb2 33. Re8 1-0


[Site "https://www.chess.com"]

[Event "Titled Tuesday Blitz June 14 Late 2022"]
[White "Peng, David Yu"]
[Black "Kadric, Denis"]
[WhiteFideId "2605376"]
[BlackFideId "14403803"]
[WhiteElo "2166"]
[BlackElo "2657"]
[Result "1-0"]
[Round "06"]
[TimeControl "180+1"]
[Date "2022.06.14"]
[WhiteClock "0:00:04"]
[BlackClock "0:00:25"]

1. e4 d6 2. d4 Nf6 3. Bd3 e5 4. c3 Nc6 5. d5 Ne7 6. Nf3 Ng6 7. c4 Be7 8. Nc3 O-O 9. Be3 h6 10. Qd2 Ng4 11. h3 Nxe3 12. Qxe3 Nf4 13. Bf1 f5 14. exf5 Bxf5 15. g3 Ng6 16. Bg2 Qc8 17. Ne4 c6 18. dxc6 bxc6 19. Rd1 d5 20. cxd5 Bb4+ 21. Nc3 cxd5 22. Rxd5 Qc4 23. Nd2 Qa6 24. Qe2 Qxe2+ 25. Kxe2 Rac8 26. Rc1 Be6 27. Rb5 Bc5 28. Nce4 Bd4 29. Rxc8 Rxc8 30. Rb7 Bxa2 31. Nd6 Rc2 32. Be4 Rxd2+ 33. Kxd2 Nf8 34. Rb8 Bxf2 35. g4 Bc5 36. Nf5 Bb6 37. Rb7 Ne6 38. Bc2 Bd5 39. Ne7+ 1-0


[Site "https://www.chess.com"]

[Event "Titled Tuesday Blitz June 14 Late 2022"]
[White "Perera Alfonso, Rene Humberto"]
[Black "Zhou, Liran"]
[WhiteFideId "3514722"]
[BlackFideId "30931967"]
[WhiteElo "2313"]
[BlackElo "2644"]
[Result "1-0"]
[Round "06"]
[TimeControl "180+1"]
[Date "2022.06.15"]
[WhiteClock "0:00:48"]
[BlackClock "0:00:03"]

1. e4 c5 2. Nf3 d6 3. d4 cxd4 4. Nxd4 Nf6 5. Nc3 a6 6. Be3 e5 7. Nb3 Be6 8. Be2 Be7 9. O-O O-O 10. Qd3 Nbd7 11. Nd5 Bxd5 12. exd5 Nc5 13. Qd2 Ne8 14. f4 e4 15. f5 Nf6 16. Rad1 Nfd7 17. Kh1 Bf6 18. c3 Qe7 19. Bd4 Bxd4 20. Nxd4 Nf6 21. c4 e3 22. Qc1 Rfe8 23. b4 Ncd7 24. Nc2 Rac8 25. Rde1 Qe4 26. Rf3 Ng4 27. h3 Nf2+ 28. Kg1 Ne5 29. Rxe3 Qxf5 30. Rf1 Nfd3 31. Qd2 Nxc4 32. Rxe8+ Rxe8 33. Qxd3 Qxd3 34. Bxd3 Nd2 35. Re1 Rxe1+ 36. Nxe1 f5 37. Kf2 Kf7 38. Ke3 1-0


[Site "https://www.chess.com"]

[Event "Titled Tuesday Blitz June 14 Late 2022"]
[White "Pesotskiy, Mikhail"]
[Black "Melikhov, Evgeny V."]
[WhiteFideId "34164453"]
[BlackFideId "4122046"]
[WhiteElo "2010"]
[BlackElo "1904"]
[Result "1-0"]
[Round "06"]
[TimeControl "180+1"]
[Date "2022.06.15"]
[WhiteClock "0:00:19"]
[BlackClock "0:00:08"]

1. d4 Nf6 2. c4 e6 3. Nc3 Bb4 4. Qc2 c5 5. dxc5 Na6 6. a3 Bxc3+ 7. Qxc3 Nxc5 8. b4 Nce4 9. Qb2 d5 10. c5 h6 11. f3 Ng5 12. Bf4 O-O 13. e3 Re8 14. Ne2 Bd7 15. Ng3 b6 16. Bd6 bxc5 17. Bxc5 e5 18. Be2 d4 19. O-O dxe3 20. Bxe3 Ba4 21. Rac1 Rc8 22. Bxa7 e4 23. fxe4 Ngxe4 24. Nxe4 Rxe4 25. Bf3 Rec4 26. Rxc4 Rxc4 27. Rc1 Qc7 28. Rxc4 Qxc4 29. h3 Bb5 30. Bd4 Qf1+ 31. Kh2 Ne8 32. Qf2 Qd3 33. Qe3 Qxe3 34. Bxe3 Nd6 35. Bd1 Nc4 36. Bc1 Nb6 37. Kg3 Ba4 38. Bxa4 Nxa4 39. Kf4 f6 40. Ke4 Kf7 41. Kd5 g5 42. Kc6 f5 43. b5 f4 44. b6 Nxb6 45. Kxb6 Kf6 46. a4 h5 47. a5 g4 48. hxg4 h4 49. Bxf4 1-0


[Site "https://www.chess.com"]

[Event "Titled Tuesday Blitz June 14 Late 2022"]
[White "Petrova, Irina"]
[Black "Hnydiuk, Aleksander"]
[WhiteFideId "14124122"]
[BlackFideId "1109057"]
[WhiteElo "1993"]
[BlackElo "2374"]
[Result "0-1"]
[Round "06"]
[TimeControl "180+1"]
[Date "2022.06.15"]
[WhiteClock "0:00:20"]
[BlackClock "0:00:49"]

1. e4 c5 2. Nf3 e6 3. b3 b6 4. Bd3 Bb7 5. O-O Nc6 6. Re1 d6 7. Bb2 Nf6 8. c3 Be7 9. Bf1 O-O 10. d4 d5 11. e5 Ne4 12. Nbd2 cxd4 13. cxd4 Nxd2 14. Qxd2 Rc8 15. Rac1 Bb4 16. Bc3 Qe7 17. Bd3 Bxc3 18. Rxc3 Nb4 19. Rxc8 Rxc8 20. Bb1 a5 21. Qf4 Ba6 22. h4 Nd3 23. Bxd3 Bxd3 24. h5 h6 25. Re3 Be4 26. Nd2 Bf5 27. Rg3 Kh7 28. Kh2 Rc2 29. a4 Qb4 30. Nf3 Qe7 31. Nh4 Be4 32. Qg4 Qg5 33. Qxg5 hxg5 34. Rxg5 Rxf2 35. Rg3 Rf4 36. Nf3 Bxf3 37. Rxf3 Rxf3 38. gxf3 Kh6 39. Kg3 Kxh5 40. Kf4 Kh4 0-1


[Site "https://www.chess.com"]

[Event "Titled Tuesday Blitz June 14 Late 2022"]
[White "Petrovic, Aleksa"]
[Black "Prieto Aranguren, Alain"]
[WhiteFideId "967629"]
[BlackFideId "2268906"]
[WhiteElo "2117"]
[BlackElo "2224"]
[Result "1-0"]
[Round "06"]
[TimeControl "180+1"]
[Date "2022.06.15"]
[WhiteClock "0:00:03"]
[BlackClock "0:00:06"]

1. d4 d5 2. c4 c6 3. Nc3 Nf6 4. e3 g6 5. Qb3 Bg7 6. Bd2 O-O 7. Rc1 e6 8. Nf3 Nbd7 9. Bd3 Re8 10. O-O Qb6 11. Qa3 dxc4 12. Na4 Qd8 13. Rxc4 b5 14. Rxc6 bxa4 15. Qxa4 Bb7 16. Rc2 Nb6 17. Qa5 Nbd5 18. Rfc1 Qxa5 19. Bxa5 Rec8 20. Ne5 Bf8 21. a3 Bd6 22. Nc4 Bb8 23. g3 Kf8 24. e4 Ne7 25. f3 Bc7 26. Bxc7 Rxc7 27. Na5 Rxc2 28. Rxc2 Bc8 29. b4 Ke8 30. Bb5+ Bd7 31. Bxd7+ Kxd7 32. Nc4 Rc8 33. Ne5+ Kd8 34. Nxf7+ Kd7 35. Ne5+ Kd8 36. Rxc8+ Kxc8 37. Kf2 Kc7 38. Ke3 Nc6 39. Nxc6 Kxc6 40. Kf4 Nd7 41. Kg5 Kb5 42. Kh6 Ka4 43. Kxh7 Kxa3 44. Kxg6 Kxb4 45. h4 a5 46. h5 a4 47. h6 a3 48. Kg7 a2 49. h7 a1=Q 50. h8=Q Qxd4+ 51. Kg8 Qxh8+ 52. Kxh8 Kc4 53. Kg7 Kd4 54. Kf7 e5 55. Ke6 Nf8+ 56. Kf5 Nd7 57. g4 Ke3 58. g5 Kxf3 59. g6 Nc5 60. g7 Nxe4 61. g8=Q Ng3+ 62. Kxe5 Ne2 63. Qc4 Ng3 64. Qd3+ Kg2 65. Kf4 Nf1 66. Qe2+ Kg1 67. Kf3 Nh2+ 68. Kg3 Nf1+ 69. Kh3 Ne3 70. Qxe3+ Kh1 71. Qc1# 1-0


[Site "https://www.chess.com"]

[Event "Titled Tuesday Blitz June 14 Late 2022"]
[White "Riehle, Marco"]
[Black "Kozak, Adam"]
[WhiteFideId "12904392"]
[BlackFideId "753246"]
[WhiteElo "2462"]
[BlackElo "2459"]
[Result "1/2-1/2"]
[Round "06"]
[TimeControl "180+1"]
[Date "2022.06.14"]
[WhiteClock "0:01:16"]
[BlackClock "0:00:52"]

1. e4 e5 2. Nf3 Nc6 3. Bc4 Nf6 4. d4 exd4 5. O-O h6 6. e5 d5 7. Bb5 Ne4 8. Nxd4 Bd7 9. Bxc6 bxc6 10. f3 Nc5 11. f4 Ne4 12. Be3 Bc5 13. Nd2 O-O 14. Nxe4 dxe4 15. Qe2 Re8 16. Nb3 Bb6 17. Bc5 Be6 18. Bxb6 axb6 19. Qxe4 Bd5 20. Qe3 Ra4 21. Nd2 c5 22. c4 Bxc4 23. Nxc4 Rxc4 24. Rad1 Rd4 25. Rxd4 Qxd4 26. Qxd4 cxd4 27. b4 c5 28. bxc5 bxc5 29. Rc1 Rc8 30. Rc4 f6 31. Kf2 Kf7 32. Kf3 Ke6 33. exf6 gxf6 34. Ke4 f5+ 35. Kd3 Kd5 36. Ra4 c4+ 37. Kc2 Ke4 38. g3 Ke3 39. Ra5 Rd8 40. Re5+ Kf3 41. Rc5 Ke3 42. Re5+ Kf2 43. Rc5 Ke3 44. Re5+ 1/2-1/2


[Site "https://www.chess.com"]